 Dungeon Crawl Stone Soup version 0.27.0-1-g7a089689b8 (webtiles) character file.

Game seed: 17053759097369578367

11 Spectrina the Ducker (level 2, -3/18 HPs)
             Began as a Deep Elf Monk on Aug 7, 2021.
             Slain by an adder (4 damage)
             ... on level 3 of the Dungeon.
             The game lasted 00:02:20 (227 turns).

Spectrina the Ducker (Deep Elf Monk)                 Turns: 227, Time: 00:02:20

Health: -3/18      AC:  2    Str:  8    XL:     2   Next: 17%
Magic:  7/7        EV: 13    Int: 14    God:
Gold:   27         SH:  0    Dex: 17    Spells: 6/6 levels left

rFire    . . .     SeeInvis .   a - +0 short sword
rCold    . . .     Faith    .   (no shield)
rNeg     . . .     Spirit   .   b - +0 robe
rPois    .         Reflect  .   (no helmet)
rElec    .         Harm     .   (no cloak)
rCorr    .         Rampage  .   (no gloves)
Will     .....                  (no boots)
Stlth    ++........             (no amulet)
HPRegen  0.06/turn              (no ring)
MPRegen  0.10/turn              (no ring)

@: lethally poisoned (-3 -> -9)
A: no striking features
a: no special abilities


You were on level 3 of the Dungeon.
You visited 1 branch of the dungeon, and saw 3 of its levels.

You collected 27 gold pieces.

Inventory:

Hand Weapons
 a - a +0 short sword (weapon)
Missiles
 c - 21 poisoned darts (quivered)
 d - 8 boomerangs of dispersal
Armour
 b - a +0 robe (worn)
Scrolls
 f - a scroll of silence


   Skills:
 - Level 2.4 Fighting
 - Level 3.0 Short Blades
 - Level 3.6 Dodging
 - Level 2.4 Stealth
 + Level 2.6 Spellcasting


You had 6 spell levels left.
You didn't know any spells.
Your spell library contained the following spells:

 Spells                   Type           Power      Damage    Failure   Level
 Static Discharge         Conj/Air       1%         N/A       34%         2
 Lightning Bolt           Conj/Air       0%         1d11      99%         5
 Maxwell's Capacitive Co  Air            0%         ∞         100%        8


Dungeon Overview and Level Annotations

Branches:
Dungeon (3/15)

Altars:
Vehumet

Annotations:
D:3 exclusion: statue


Message History

Found a scroll labelled KIASIRO DAYGAY.
e - a scroll labelled AKLURIYCI
Found an escape hatch in the ceiling.
The helpless rat fails to defend itself.
You puncture the rat!
You kill the rat!
f - a scroll labelled KIASIRO DAYGAY
There is an escape hatch in the ceiling here.
A hobgoblin comes into view.
You stumble into a teleport trap!
You are suddenly yanked towards some nearby monsters!
Your surroundings suddenly seem different.
A goblin comes into view. It is wielding a +0 club.
The goblin shouts!
An adder comes into view.
Unknown command.
You aren't carrying any potions.
As you read the scroll labelled AKLURIYCI, it crumbles to dust.
It is a scroll of identify.
f - a scroll of silence The adder bites you but does no damage.
The adder barely misses you.
You miss the adder. The adder closely misses you. The adder bites you.
You are poisoned.
The adder poisons you!
You closely miss the adder.
You feel sick. The adder bites you.
You hit the adder.
The adder is moderately wounded.
You feel sick. The adder bites you.
* * * LOW HITPOINT WARNING * * *
You are lethally poisoned!
The adder poisons you!
You closely miss the adder.
The adder is moderately wounded.
* * * LOW HITPOINT WARNING * * *
You feel sick. The adder bites you but does no damage.
You barely miss the adder.
The adder is moderately wounded.
* * * LOW HITPOINT WARNING * * *
You feel sick. The adder bites you.
You die...

##.....#######.
###..............
+# .............
... .#.## .
#........... ...
... ..
.###.......#
#.#+#.###.
...........#
#.........
..........g#
#.........
.....###+#S#
#..<...... ....
#@# #.[.......
.## #.#
#......).. #.#
#.###.###. #.# #.
#..... #.#
##.######. #.#
......... #.#
....####. #.# .
.. #... . #. #.#.


You could see an adder and a goblin.

Vanquished Creatures
  An adder (D:2)
  2 kobolds
  A rat (D:3)
4 creatures vanquished.

Notes
Turn   | Place    | Note
-------+----------+-------------------------------------------
     0 | D:1      | Spectrina the Deep Elf Monk began the quest for the Orb.
     0 | D:1      | Reached XP level 1. HP: 13/13 MP: 3/3
   123 | D:2      | Reached XP level 2. HP: 18/18 MP: 4/7
   179 | D:3      | Found a radiant altar of Vehumet.
   179 | D:3      | Noticed a charred statue
   227 | D:3      | Slain by an adder

Illustrated notes

Levels and vault maps discovered:
D:1:      saegor_arrival_fortress, layout_basic
D:2:      layout_rooms, hellmonk_ecumenical_altar_leap_of_faith, serial_shops,
          shop
D:3:      layout_basic, vehumet_statue, serial_shops, shop

Skill      XL: |  1 |
---------------+----+-----
Spellcasting   | 2 |  2.6
Fighting       | |  2.4
Short Blades   | |  3.0
Dodging        | |  3.6
Stealth        | |  2.4

Action                   || total
-------------------------++-------
Melee: Short sword       ||    12
  Use: Scroll            ||     1
 Stab: Sleeping          ||     3
Armor: Robe              ||     2
Dodge: Dodged            ||     5
